 Dungeon Crawl Stone Soup version 0.20.1-1-g8b1a95d (webtiles) character file.

212 drunkard the Chopper (level 5, -1/53 HPs)
             Began as a Troll Berserker on July 23, 2017.
             Was a Priest of Trog.
             Slain by a leopard gecko zombie (4 damage)
             ... on level 5 of the Dungeon.
             The game lasted 00:32:10 (2634 turns).

drunkard the Chopper (Troll Berserker)              Turns: 2634, Time: 00:32:11

Health: -1/53      AC:  5    Str: 26    XL:     5   Next: 58%
Magic:  4/4        EV: 10    Int:  3    God:    Trog [***...]
Gold:   158        SH:  0    Dex:  9    Spells: 4/4 levels left

rFire    . . .     SeeInvis +   a - +0 hand axe
rCold    . . .     Gourm    +   (no shield)
rNeg     . . .     Faith    .   b - +0 animal skin
rPois    .         Spirit   .   (helmet restricted)
rElec    .         Reflect  .   (no cloak)
rCorr    .         Harm     .   (gloves unavailable)
MR       .....                  (boots unavailable)
Stlth    +.........             k - amulet of regeneration
Regen    1.0/turn               r - ring of see invisible
MPRegen  0.1/turn               (no ring)

@: lethally poisoned (-1 -> -1), very slightly contaminated
A: unfitting armour, claws 3, fast metabolism 3, gourmand, regeneration 1,
shaggy fur 1, tough skin 2
a: Berserk, Trog's Hand, Burn Spellbooks, Renounce Religion


You were on level 5 of the Dungeon.
You worshipped Trog.
Trog was most pleased with you.
You were very full.

You visited 1 branch of the dungeon, and saw 5 of its levels.

You collected 158 gold pieces.

Inventory:

Hand Weapons
 a - a +0 hand axe (weapon)
Armour
 b - a +0 animal skin (worn)
Jewellery
 h - an uncursed amulet of the gourmand
 k - an amulet of regeneration (around neck)
 m - an uncursed ring of magical power
 q - an uncursed ring of protection from magic {unknown}
 r - a ring of see invisible (left claw)
Scrolls
 d - a scroll of amnesia {unknown}
 e - a scroll of remove curse {unknown}
 g - a scroll of magic mapping {unknown}
Potions
 f - a potion of brilliance
 j - a potion of resistance {unknown}
 l - a potion of degeneration {unknown}
 n - a potion of haste {unknown}
 o - 2 potions of curing
Comestibles
 c - 4 bread rations


   Skills:
 + Level 3.2 Fighting
 + Level 4.0 Axes
 + Level 3.3 Dodging
 + Level 0.2 Stealth


You had 4 spell levels left.
You didn't know any spells.

Dungeon Overview and Level Annotations

Branches:
Dungeon (5/15)
 Temple: D:4-7

Altars:
Dithmenos
Kikubaaqudgha
Vehumet
The Shining One

Shops:
D:4 %

Annotations:
D:5 xash's ghost, novice TrMo


Innate Abilities, Weirdness & Mutations

You are too large for most types of armour.
You have claws for hands.
Your metabolism is lightning-fast.
You like to eat raw meat.
Your natural rate of healing is unusually fast.
You are covered in fur. (AC +1)
You have very tough skin. (AC +2)


Message History

You closely miss the worker ant.
The worker ant is moderately wounded.
You hit xash's ghost. You hit the leopard gecko zombie.
The leopard gecko zombie bites you. The worker ant bites you.
* * * LOW HITPOINT WARNING * * *
You are more poisoned.
The worker ant poisons you! Xash's ghost hits you!
* * * LOW HITPOINT WARNING * * *
You hit xash's ghost.
Xash's ghost is lightly damaged.
You hit the worker ant.
You closely miss the leopard gecko zombie.
You feel sick.
The leopard gecko zombie bites you but does no damage.
The worker ant barely misses you. Xash's ghost barely misses you.
As you read the scroll labeled FETARE OKHI, it crumbles to dust.
The creatures around you are filled with an inner flame!
It was a scroll of immolation.
You feel sick. The worker ant misses you. The leopard gecko zombie bites you.
You die...

...#### .## #[....# ...
#.....###### ...#+##
#..........# ......#
+..........# ......#
#..........#
......###......W)..####
#...?..........a@.....#
##........#####Z##.....$
#.†.%..!.# #.# .....
#...###### #.# ...P
##..# #.# ..P #..######
#.# .P #.>.....# #.# .
###.....# #.# #.....#


You could see a worker ant (inner flame), xash's ghost (inner flame) and a
leopard gecko zombie (inner flame).

Vanquished Creatures
  The ghost of Sharkie the Caller, an amateur TeSu (D:4)
  A worker ant (D:5)
  3 adders
  An ooze (D:4)
  An adder skeleton (D:4)
  A worm (D:3)
  2 dart slugs
  4 leopard geckos
  5 orcs (D:4)
  4 bats
  2 giant cockroaches (D:3)
  6 goblins
  A hobgoblin (D:1)
  10 jackals
  5 kobolds
  2 quokkas
  A ball python (D:2)
  11 frilled lizards
  A quokka skeleton (D:4)
  10 rats
  2 rat zombies (D:3)
74 creatures vanquished.

Notes
Turn   | Place    | Note
-------+----------+-------------------------------------------
     0 | D:1      | drunkard the Troll Berserker began the quest for the Orb.
     0 | D:1      | Reached XP level 1. HP: 22/22 MP: 0/0
    55 | D:1      | Reached XP level 2. HP: 25/29 MP: 1/1
   502 | D:1      | Reached XP level 3. HP: 36/36 MP: 2/2
   908 | D:2      | Reached ** piety under Trog
  1087 | D:2      | Found a radiant altar of Vehumet.
  1434 | D:2      | Reached skill level 3 in Axes
  1736 | D:3      | Reached XP level 4. HP: 44/44 MP: 3/3
  1810 | D:3      | Found a glowing golden altar of the Shining One.
  2075 | D:3      | Found an ancient bone altar of Kikubaaqudgha.
  2126 | D:4      | Found a shadowy altar of Dithmenos.
  2151 | D:4      | Found Rosog Rafo's Food Shop.
  2207 | D:4      | Noticed Sharkie's ghost (amateur TeSu)
  2221 | D:4      | Killed Sharkie's ghost
  2221 | D:4      | Reached XP level 5. HP: 53/53 MP: 4/4
  2542 | D:5      | Entered Level 5 of the Dungeon
  2552 | D:5      | Reached *** piety under Trog
  2552 | D:5      | Reached skill level 4 in Axes
  2609 | D:5      | Noticed xash's ghost (novice TrMo)
  2634 | D:5      | Slain by a leopard gecko zombie

Skill      XL: |  1  2  3  4  5 |
---------------+----------------+-----
Dodging        | 3 |  3.3
Axes           | 3 4 |  4.0
Fighting       | 3 |  3.2
Stealth        | |  0.2

Action                   |  1- 3 |  4- 6 || total
-------------------------+-------+-------++-------
Melee: Hand axe          |   142 |   130 ||   272
Invok: Berserk           |       |     1 ||     1
  Use: Scroll            |     5 |     3 ||     8
       Potion            |     1 |     2 ||     3
 Stab: Sleeping          |     1 |     1 ||     2
  Eat: Chunk             |    13 |    14 ||    27
       Royal jelly       |     1 |       ||     1
Armor: Animal skin       |    47 |    48 ||    95
Dodge: Dodged            |    74 |    68 ||   142
